 Seeded DCSS version 0.30.1-9-gdf580d7c3d (webtiles) character file.

Game seed: 6351066067085065685 (custom seed)

285 Esekla the Magician (level 6, 0/32 HPs)
             Began as a Deep Elf Wanderer on Oct 18, 2023.
             Was a Follower of Vehumet.
             Slain by a sleepcap (21 damage)
             ... on level 5 of the Dungeon.
             The game lasted 00:23:08 (2854 turns).

Esekla the Magician (Deep Elf Wanderer)             Turns: 2854, Time: 00:23:09

Health: 0/32       AC:  4    Str: 11    XL:     6   Next: 7%
Magic:  18/18      EV:  2    Int: 20    God:    Vehumet [*.....]
Gold:   186        SH:  0    Dex: 14    Spells: 12/19 levels left

rFire   . . .        s - +5 rapier of the Hero {heavy, rN+ Dex+3}
rCold   . . .        d - +0 buckler
rNeg    + . .        c - +0 robe
rPois   .            l - +0 helmet
rElec   .            (no cloak)
rCorr   .            k - +0 pair of gloves
SInv    .            (no boots)
Will    .....        z - amulet of magic regeneration
Stlth   ++           (no ring)
HPRegen 0.25/turn    (no ring)
MPRegen 0.56/turn

%: no passive effects
@: sleeping
A: no striking features
a: Renounce Religion


You were on level 5 of the Dungeon.
You worshipped Vehumet.
Vehumet was aware of your devotion.
You visited 1 branch of the dungeon, and saw 5 of its levels.

You collected 186 gold pieces.

Inventory:

Hand Weapons
 a - a +2 vampiric dagger
 r - a +0 spear
 s - the +5 rapier of the Hero (weapon) {heavy, rN+ Dex+3}
   (You found it on level 3 of the Dungeon)

   Dex:       It affects your dexterity (+3).
   rN:        It protects you from negative energy.
Missiles
 w - 8 poisoned darts (quivered)
Armour
 c - a +0 robe (worn)
 d - a +0 buckler (worn)
 k - a +0 pair of gloves (worn)
 l - a +0 helmet (worn)
Jewellery
 z - an amulet of magic regeneration (around neck)
Wands
 i - a wand of roots (9)
Scrolls
 g - 3 scrolls of identify {unknown}
 n - a scroll of enchant armour {unknown}
 o - a scroll of amnesia {unknown}
 p - a scroll of immolation {unknown}
 q - a scroll of blinking {unknown}
 u - a scroll of fog {unknown}
 x - a scroll of silence {unknown}
 y - a scroll of magic mapping {unknown}
Potions
 b - 2 potions of lignification
 e - a potion of ambrosia {unknown}
 f - 2 potions of attraction {unknown}
 h - a potion of heal wounds {unknown}
 j - 2 potions of curing {unknown}
 m - a potion of mutation {unknown}
 t - 3 potions of brilliance {unknown}
 v - a potion of haste {unknown}


   Skills:
 + Level 0.7 Short Blades
 + Level 0.1 Throwing
 * Level 2.0 Dodging
 + Level 1.7 Stealth
 + Level 1.7 Shields
 * Level 7.0 Spellcasting
 + Level 1.4 Conjurations
 * Level 2.0 Necromancy
 + Level 3.3 Translocations
 + Level 1.0 Invocations


You had 12 spell levels left.
You knew the following spells:

 Your Spells              Type           Power      Damage    Failure   Level
a - Magic Dart            Conj           48%        1d5       8%          1
b - Blink                 Tloc           40%        N/A       5%          2
d - Vampiric Draining     Necr           15%        2d7       17%         3
p - Apportation           Tloc           40%        N/A       3%          1

Your spell library contained the following spells:

 Spells                   Type           Power      Damage    Failure   Level
 Foxfire                  Conj/Fire      36%        2x1d5     11%         1
 Lesser Beckoning         Tloc           40%        N/A       5%          2
 Gell's Gravitas          Tloc           20%        N/A       11%         3
 Teleport Other           Tloc           20%        N/A       11%         3
 Ignite Poison            Fire/Tmut/Pois 7%         N/A       38%         3
 Spider Form              Tmut/Pois      7%         N/A       38%         3
 Cause Fear               Hex            3%         N/A       80%         4
 Summon Mana Viper        Hex/Summ       7%         N/A       98%         5


Dungeon Overview and Level Annotations

Branches:
Dungeon (5/15)
 Temple: D:4-7

Altars:
Dithmenos
Hepliaklqana
Okawaru
Qazlal
Trog
Vehumet
Zin

Shops:
D:2 =


Message History

The spell is quite dangerous to miscast (19% risk of failure)!
Continue anyway?
Aiming: Vampiric Draining (quite dangerous; 19% risk of failure)
Press: ? - help, Shift-Dir - straight line, f - scorpion
Aim: a scorpion (moderately wounded)
You miscast Vampiric Draining.
You are very lightly contaminated with residual magic.
Nothing appears to happen.
The scorpion misses you.
Casting: Vampiric Draining (quite dangerous; 19% risk of failure)
Confirm with . or Enter, or press ? or * to list all spells.
The spell is quite dangerous to miscast (19% risk of failure)!
Continue anyway?
Aiming: Vampiric Draining (quite dangerous; 19% risk of failure)
Press: ? - help, Shift-Dir - straight line, f/p - scorpion
Aim: a scorpion (moderately wounded)
You draw life force from the scorpion!
You feel life coursing into your body. The scorpion barely misses you.
You puncture the scorpion!
You kill the scorpion!
Vehumet accepts your kill.
You feel your power returning.
Your Spellcasting skill increases to level 7!
Your Translocations skill increases to level 3!
You have reached level 6!
Your magical contamination has completely faded away.
An orc comes into view. It is wielding a +0 club.
The orc shouts!
The orc hits you with a +0 club.
You puncture the orc!
You kill the orc!
Vehumet accepts your kill.
Things that are here:
a +0 club; an orc corpse A sleepcap comes into view.
You puncture the sleepcap!
The sleepcap is severely damaged.
The sleepcap releases spores at you! The sleepcap releases spores at you.
You are engulfed in a cloud of soporific spores!
You fall asleep.
The sleepcap releases spores at you!!
Ouch! That really hurt!
You die...

#... .#.#
...## ....
#..# #.# #..#
#.# #..###.###
#.# #..@f....#
$ #.#
##.###.#.# .
#.# #.# . #.#
##.# # #.#
##..# #
#.####...###.#
#
#............#
#
###..#####.#.#
# ##...)...#.#
##


You could see a sleepcap.

Vanquished Creatures
  2 scorpions (D:5)
  A hound (D:3)
  An iguana (D:2)
  2 gnolls (D:2)
  4 adders
  2 dart slugs
  5 orcs
  4 endoplasms
  8 goblins
  4 hobgoblins
  A quokka (D:1)
  6 ball pythons
  4 bats
  4 frilled lizards
  5 kobolds
  A rat (D:2)
54 creatures vanquished.

Notes
Turn   | Place    | Note
-------+----------+-------------------------------------------
     0 | D:1      | Esekla the Deep Elf Wanderer began the quest for the Orb.
     0 | D:1      | Esekla set off with the following items: a +0 club, a
                  | potion of lignification, a +0 robe, a +0 buckler; and the
                  | following spells available to memorise: Apportation, Blink,
                  | Lesser Beckoning, Magic Dart, Ignite Poison, Vampiric
                  | Draining.
     0 | D:1      | Reached XP level 1. HP: 10/10 MP: 7/7
     2 | D:1      | Learned a level 1 spell: Magic Dart
     4 | D:1      | Learned a level 1 spell: Apportation
   389 | D:4      | Found a radiant altar of Vehumet.
   400 | D:4      | Found an iron altar of Okawaru.
   411 | D:4      | Found a glowing silver altar of Zin.
   575 | D:4      | Became a worshipper of Vehumet
   878 | D:3      | Reached XP level 2. HP: 15/15 MP: 2/9
   883 | D:3      | Learned a level 2 spell: Blink
  1026 | D:3      | Identified the +5 rapier of the Hero {heavy, rN+ Dex+3}
  1110 | D:2      | Found Renulab's Jewellery Shop.
  1165 | D:2      | Reached skill level 5 in Spellcasting
  1244 | D:2      | Reached skill level 1 in Necromancy
  1407 | D:2      | Reached XP level 3. HP: 12/19 MP: 11/11
  1411 | D:2      | Learned a level 3 spell: Vampiric Draining
  1486 | D:2      | Noticed a black bear
  1543 | D:3      | Found a stormy altar of Qazlal.
  1571 | D:3      | Found a hazy altar of Hepliaklqana.
  1579 | D:3      | Found a bloodstained altar of Trog.
  1640 | D:3      | Reached skill level 1 in Conjurations
  1640 | D:3      | Reached XP level 4. HP: 9/24 MP: 2/13
  1995 | D:1      | Reached * piety under Vehumet
  1995 | D:1      | Offered knowledge of Foxfire by Vehumet.
  2034 | D:1      | Reached skill level 1 in Dodging
  2369 | D:2      | Reached skill level 6 in Spellcasting
  2475 | D:2      | Found a faded altar of an unknown god.
  2505 | D:2      | Reached XP level 5. HP: 27/28 MP: 6/16
  2674 | D:5      | Entered Level 5 of the Dungeon
  2686 | D:5      | Got the Parchment of the Lumpy Olives
  2714 | D:5      | Found a shadowy altar of Dithmenos.
  2818 | D:5      | Reached skill level 7 in Spellcasting
  2818 | D:5      | Reached XP level 6. HP: 28/32 MP: 14/18
  2854 | D:5      | Slain by a sleepcap

Illustrated notes

Levels and vault maps discovered:
D:1:      sevenhm_arrival_forest_fort_small_3, layout_rooms,
          chequers_serial_rivers_room_b, minmay_misc_feat_five
D:2:      layout_loops_ring, dreamdust_ecumenical_altar_angels_and_demons,
          serial_shops, shop
D:3:      layout_basic, grunt_temple_overflow_open, minmay_misc_feat_iff
D:4:      layout_basic, nicolae_overflow_quartered_altars, serial_shops,
          nicolae_diamond_shop
D:5:      layout_loops_ring, lemuel_doored_altar, minmay_misc_feat_rows,
          dreamdust_wishing_well

Skill      XL: |  1  2  3  4  5 |
---------------+----------------+-----
Spellcasting   | 5 6 7 |  7.0
Necromancy     | 1 2 |  2.0
Conjurations   | 1 |  1.4
Dodging        | 1 2 |  2.0
Translocations | 3 |  3.3
Short Blades   | |  0.7
Throwing       | |  0.1
Stealth        | |  1.7
Shields        | |  1.7
Invocations    | |  1.0

Action                     |  1- 3 |  4- 6 || total
---------------------------+-------+-------++-------
  Melee: Short sword       |    24 |       ||    24
         Rapier            |    13 |    34 ||    47
         Dagger            |       |     2 ||     2
  Throw: Dart              |       |     6 ||     6
   Cast: Apportation       |    28 |    11 ||    39
         Magic Dart        |    32 |    33 ||    65
         Vampiric Draining |     2 |     3 ||     5
    Use: Scroll            |     1 |       ||     1
   Stab: Sleeping          |     2 |     3 ||     5
 Armour: Robe              |    18 |     6 ||    24
  Dodge: Dodged            |    37 |    23 ||    60
  Block: Buckler           |    13 |     9 ||    22
